 Dungeon Crawl Stone Soup version 0.29-a0-330-g52719c12eb (webtiles) character file.

Game seed: 9090248610881107216

46 HoaS the Bolt Thrower (level 3, -4/21 HPs)
             Began as a Gargoyle Hunter on May 22, 2022.
             Slain by a black bear (8 damage)
             ... on level 2 of the Dungeon.
             The game lasted 00:02:35 (1218 turns).

HoaS the Bolt Thrower (Gargoyle Hunter)             Turns: 1218, Time: 00:02:36

Health: -4/21      AC:  6    Str: 14    XL:     3   Next: 66%
Magic:  3/3        EV: 11    Int:  9    God:
Gold:   66         SH:  0    Dex: 15    Spells: 2/2 levels left

rFire   . . .      SeeInvis .   a - +1 hand crossbow
rCold   . . .      Faith    .   (no shield)
rNeg    + . .      Spirit   .   b - +0 leather armour
rPois   ∞          Reflect  .   (no helmet)
rElec   +          Harm     .   (no cloak)
rCorr   .          Rampage  .   (no gloves)
Will    .....                   (no boots)
Stlth   ++........              d - amulet of the acrobat
HPRegen 0.07/turn               (no ring)
MPRegen 0.08/turn               (no ring)

@: no status effects
A: sickness immunity, AC +3, negative energy resistance 1, electricity
resistance, torment resistance 1, petrification resistance
a: no special abilities


You were on level 2 of the Dungeon.
You visited 1 branch of the dungeon, and saw 3 of its levels.

You collected 66 gold pieces.

Inventory:

Hand Weapons
 a - a +1 hand crossbow (weapon)
Armour
 b - a +0 leather armour (worn)
 e - a +0 ring mail
Jewellery
 d - an amulet of the acrobat (around neck)
Scrolls
 c - 2 scrolls of immolation
 g - 2 scrolls of identify
Potions
 f - a potion of mutation
 h - a potion of might {unknown}


   Skills:
 - Level 2.1 Fighting
 + Level 5.3 Crossbows
 - Level 1.5 Dodging
 - Level 1.1 Stealth


You had 2 spell levels left.
You didn't know any spells.
Your spell library contained the following spells:

 Spells                   Type           Power      Damage    Failure   Level
 Animate Skeleton         Necr           0%         N/A       45%         1
 Apportation              Tloc           0%         N/A       45%         1
 Sting                    Tmut/Pois      0%         1d3       45%         1
 Summon Small Mammal      Summ           0%         N/A       45%         1
 Poisonous Vapours        Pois/Air       0%         N/A       61%         2
 Olgreb's Toxic Radiance  Pois           0%         N/A       99%         4


Dungeon Overview and Level Annotations

Branches:
Dungeon (3/15)

Altars:


Innate Abilities, Weirdness & Mutations

You are immune to sickness and miasma.
Your stone body is resilient. (AC +3)
You are immune to poison.
You resist negative energy. (rN+)
You are resistant to electric shocks. (rElec)
You are resistant to unholy torment.
You are immune to petrification.


Message History

You shoot a bolt. The bolt hits the black bear!
The black bear is severely wounded.
The black bear bites you but does no damage.
The black bear claws you. The black bear closely misses you.
Shoot: a) +1 hand crossbow
Press: ? - help, Q - select action Shift-Dir - straight line, f/p - black bear
Aim: a black bear (severely wounded, 71% to hit)
You shoot a bolt. The bolt barely misses the black bear.
The black bear bites you.
The black bear claws you but does no damage.
The black bear claws you.
The black bear goes berserk!
Shoot: a) +1 hand crossbow
Press: ? - help, Q - select action Shift-Dir - straight line, f/p - black bear
Aim: a black bear (severely wounded, berserk, 71% to hit)
You shoot a bolt. The bolt hits the black bear.
The black bear is severely wounded.
The black bear closely misses you.
The black bear claws you but does no damage.
The black bear completely misses you. The black bear bites you.
The black bear barely misses you.
The black bear claws you but does no damage.
Shoot: a) +1 hand crossbow
Press: ? - help, Q - select action Shift-Dir - straight line, f/p - black bear
Aim: a black bear (severely wounded, berserk, 71% to hit)
You shoot a bolt. The bolt hits the black bear.
The black bear is almost dead.
The black bear bites you. The black bear barely misses you. x2
The black bear bites you.
* * * LOW HITPOINT WARNING * * *
The black bear barely misses you.
The black bear claws you but does no damage.
Shoot: a) +1 hand crossbow
Press: ? - help, Q - select action Shift-Dir - straight line, f/p - black bear
Aim: a black bear (almost dead, berserk, 71% to hit)
You shoot a bolt.
The bolt hits the black bear but does no damage.
The black bear is almost dead.
The black bear barely misses you. The black bear closely misses you.
The black bear barely misses you. The black bear bites you!
You die...

*************
*..,,,,,,,,,*
*.#********,*****
*.# *,,,,,, *.#
*,,**** *.#
******,,**
##.####..,,,,,,*
#.....[.#***,,,*
#@h#********,,,*
#..# *,,,,,,,,**
#[.# *,****,*,,*
#..####.#***,**,*
#........,,,,**,*
#.#####.#******,*
#.# *,*******,**
#.# *,,,,,,,,,,*
#.#####..******,,*


You could see a black bear (berserk).

Vanquished Creatures
  A worm (D:2)
  A dart slug (D:1)
  3 ball pythons
  5 endoplasms (D:1)
  A giant cockroach (D:1)
  7 hobgoblins
  2 quokkas
  5 bats
  5 goblins
  2 kobolds
  7 rats
39 creatures vanquished.

Notes
Turn   | Place    | Note
-------+----------+-------------------------------------------
     0 | D:1      | HoaS the Gargoyle Hunter began the quest for the Orb.
     0 | D:1      | Reached XP level 1. HP: 12/12 MP: 1/1
   209 | D:1      | Reached XP level 2. HP: 17/17 MP: 2/2
   539 | D:1      | Found a faded altar of an unknown god.
   548 | D:1      | Reached XP level 3. HP: 21/21 MP: 3/3
   777 | D:1      | Reached skill level 5 in Crossbows
  1098 | D:2      | You fall into a shaft and drop 1 floor!
  1210 | D:2      | Noticed a black bear
  1218 | D:2      | Slain by a black bear

Illustrated notes

Levels and vault maps discovered:
D:1:      dpeg_arrival_chambers_temple_mockup, layout_loops_ring,
          shapermc_ecumenical_altar_flowoftime, ebering_dispersal_statue_hall,
          st_stairs_4
D:2:      layout_loops_ring, uniq_terence
D:3:      layout_rooms, uniq_ijyb

Skill      XL: |  1  2  3 |
---------------+----------+-----
Crossbows      | 5 |  5.3
Fighting       | |  2.1
Dodging        | |  1.5
Stealth        | |  1.1

Action                   || total
-------------------------++-------
 Fire: Hand crossbow     ||    92
  Use: Scroll            ||     3
Armor: Leather armour    ||    10
Dodge: Dodged            ||    21

Table legend: (Time is in decaauts)
 A = Elapsed time spent in this place.
 B = Non-inter-level travel time spent in this place.
 C = Inter-level travel time spent in this place.
 D = Time resting spent in this place.
 E = Time spent auto-exploring this place.
 F = Levels seen in this place.
 G = Mean time per level.
                   A        B        C        D        E       F      G
               +--------+--------+--------+--------+--------+-----+--------+
         Total |   1245 |   1226 |     19 |    100 |    904 |   3 |  415.0 |
       Dungeon |   1245 |   1226 |     19 |    100 |    904 |   3 |  415.0 |
               +--------+--------+--------+--------+--------+-----+--------+

Top non-repeatable levels by time:
     D:1: 834 daAuts
     D:2: 396 daAuts
     D:3: 13 daAuts
